Map: Dreamcatcher LE

Players

Fam - Winner!

  • Race: Terran Terran
  • League: Diamond
  • Spawn Location: 11:00

Apoptosis

  • Race: Zerg Zerg
  • League: Diamond
  • Spawn Location: 5:00

VOD

Have the link to the VOD?

Description

Time

  • Played on: Sept. 5, 2018, 3:41 a.m.
  • Length: 15:04
Show
View Real Time Build Order
Export as new Build Order

Fam Terran - Winner!

Build Orders: Command Center First (CC), MMM Bio 

Get SALT Encoding   

  12  0:00  SCV  
  13  0:12  SCV  
  14  0:17  Supply Depot  
  14  0:24  SCV  
  15  0:39  SCV  
  16  0:51  SCV  
  17  1:01  Command Center  
  17  1:04  SCV  
  18  1:16  Barracks  
  18  1:18  SCV  
  19  1:30  SCV, Refinery  
  19  1:31  Refinery  
  20  1:42  SCV  
  21  1:56  SCV  
  22  2:03  Marine  
  23  2:09  Orbital Command  
  23  2:12  Orbital Command  
  23  2:19  Factory  
  23  2:22  Marine  
  24  2:30  Orbital Command  
  24  2:35  SCV  
  25  2:46  Barracks Reactor  
  25  2:48  SCV  
  26  2:57  SCV  
  27  2:59  Command Center  
  27  3:03  Factory Tech Lab  
  27  3:05  SCV  
  28  3:10  SCV  
  29  3:13  Supply Depot  
  29  3:17  SCV  
  30  3:21  Engineering Bay  
  30  3:22  SCV  
  30  3:23  Engineering Bay  
  31  3:29  SCV  
  36  3:34  Hellion x2  
  36  3:35  SCV  
  37  3:45  Supply Depot  
  37  3:47  SCV x2  
  37  3:48  Supply Depot  
  39  3:51  Stimpack  
  39  3:57  Terran Infantry Weapons Level 1  
  39  3:59  SCV  
  39  4:00  Terran Infantry Armor Level 1  
  40  4:04  Hellion  
  40  4:08  Hellion  
  40  4:09  SCV  
  45  4:15  Orbital Command  
  45  4:17  SCV  
  45  4:19  Marine  
  45  4:22  SCV  
  48  4:26  Hellion  
  48  4:29  Hellion, SCV  
  53  4:34  SCV  
  54  4:40  Supply Depot  
  54  4:41  SCV  
  54  4:43  Supply Depot  
  55  4:46  SCV, Marine  
  55  4:48  Armory  
  55  4:50  SCV  
  58  4:53  SCV  
  58  4:55  Orbital Command  
  58  4:58  Hellion x2  
  59  5:04  SCV  
  60  5:11  Refinery  
  60  5:12  Refinery  
  60  5:16  Marine  
  61  5:22  Barracks x2  
  61  5:24  Starport, Barracks  
  61  5:26  SCV  
  61  5:27  Barracks  
  61  5:28  Hellion  
  58  5:30  SCV x2  
  58  5:34  Hellion, Marine  
  63  5:41  SCV  
  63  5:42  SCV  
  65  5:46  SCV  
  65  5:49  Hellion  
  68  5:51  Combat Shields  
  68  5:53  SCV, Marine  
  68  5:54  SCV  
  68  5:56  Hellion  
  73  5:59  SCV  
  74  6:05  SCV  
  74  6:06  Starport Reactor  
  74  6:10  SCV  
  76  6:13  Marine  
  77  6:24  SCV x3  
  78  6:30  Supply Depot  
  78  6:31  Supply Depot, Barracks Reactor x3, Marauder  
  78  6:32  Supply Depot x2  
  80  6:33  Barracks Reactor  
  80  6:34  Widow Mine  
  80  6:35  Widow Mine, Terran Infantry Weapons Level 2  
  80  6:36  SCV x2, Terran Infantry Armor Level 2  
  80  6:37  SCV  
  87  6:48  SCV  
  87  6:50  Medivac x2  
  87  6:51  SCV x2  
  94  7:00  SCV, Barracks  
  94  7:01  Barracks  
  95  7:02  Barracks  
  95  7:03  SCV  
  95  7:04  Marauder  
  95  7:08  Widow Mine x2, Marine x5  
  105  7:09  Marine  
  105  7:10  SCV  
  109  7:21  Marine  
  109  7:22  Medivac, Marine  
  111  7:23  Medivac  
  111  7:25  Marine  
  116  7:30  Terran Vehicle And Ship Armor Level 1  
  116  7:35  Marine x2  
  116  7:36  Marine x2  
  120  7:37  Command Center  
  120  7:39  Widow Mine  
  120  7:40  Widow Mine  
  124  7:48  Supply Depot  
  124  7:49  Supply Depot  
  124  7:51  Supply Depot x2  
  124  7:53  Barracks Tech Lab, Supply Depot  
  124  7:54  Barracks Tech Lab  
  124  7:55  Barracks Reactor  
  124  8:00  Marine  
  125  8:10  SCV, Medivac x2, Marine x2  
  125  8:12  Supply Depot  
  132  8:13  Supply Depot  
  132  8:16  Marine x5  
  132  8:18  Supply Depot, SCV  
  132  8:19  Concussive Shells  
  138  8:24  Marine  
  138  8:25  Marauder x2  
  138  8:26  Widow Mine  
  125  8:43  Marine x3  
  125  8:45  Marine x6  
  125  8:46  Marauder  
  128  8:50  Marine  
  128  8:51  Marine x2  
  129  8:57  Medivac  
  129  8:58  Widow Mine x2  
  129  9:01  Marine x3  
  138  9:06  Marine x3  
  138  9:07  Marine x3, Marauder  
  138  9:09  Marauder  
  148  9:11  SCV  
  148  9:12  SCV  
  148  9:13  Refinery  
  148  9:14  Refinery  
  148  9:22  Marine x3  
  148  9:23  Widow Mine, Medivac, Marauder  
  148  9:24  Widow Mine  
  151  9:25  SCV  
  151  9:27  Medivac  
  151  9:30  Terran Infantry Weapons Level 3  
  154  9:34  Planetary Fortress  
  154  9:43  Terran Infantry Armor Level 3, Terran Vehicle And Ship Armor Level 2  
  154  9:53  Marine x3  
  154  9:54  Marine x7, Marauder  
  154  9:56  Widow Mine  
  168  10:01  SCV  
  169  10:07  Command Center  
  169  10:22  Marine x4  
  169  10:23  Marine x3, Marauder x2  
  169  10:24  Widow Mine x2, Medivac x2, Marauder  
  169  10:25  Marine  
  191  10:36  Marine x2  
  191  10:40  Marine x2  
  180  10:55  Marine x6  
  180  10:56  Marine, Marauder x2  
  177  10:57  Widow Mine x2, Medivac  
  179  11:11  Marine x4  
  168  11:13  SCV  
  168  11:17  Refinery  
  168  11:18  Marauder  
  175  11:22  Marine  
  175  11:23  Marine x5  
  175  11:24  Marauder  
  183  11:30  Marauder  
  178  11:46  Marine x3  
  178  11:47  Marine x2  
  166  11:49  Marine  
  166  11:50  Marine x3  
  166  11:51  Widow Mine x2, Medivac x2, Marauder x2  
  181  12:09  Marine x4  
  181  12:10  Marine x3, Marauder  
  181  12:12  Widow Mine x2, Planetary Fortress, Marauder x2  
  198  12:19  Refinery  
  198  12:20  Hi-Sec Auto Tracking, Building Armor  
  198  12:21  Medivac, Terran Vehicle And Ship Armor Level 3  
  200  12:44  Command Center  
  200  12:54  Marine  
  200  12:55  Marine x2  
  200  12:58  Marine x5  
  195  13:04  Marine  
  200  13:10  Refinery  
  200  13:11  Refinery  
  200  13:12  Ghost Academy  
  200  13:14  Starport  
  200  13:16  Starport  
  200  13:18  Factory  
  200  13:20  Factory, Barracks x2  
  200  13:21  Barracks  
  200  13:22  Barracks  
  198  13:55  Starport Reactor x2  
  190  14:11  Barracks Tech Lab x2  
  190  14:12  Barracks Tech Lab  
  190  14:13  Barracks Tech Lab  
  190  14:15  Factory Tech Lab x2  
Show
View Real Time Build Order
Export as new Build Order

Apoptosis Zerg 

Build Orders: Hatch First 

Get SALT Encoding   

  12  0:01  Drone  
  13  0:12  Overlord  
  13  0:17  Drone  
  14  0:30  Drone x2  
  14  0:34  Drone  
  17  0:53  Hatchery  
  17  0:55  Drone  
  17  0:58  Drone  
  18  1:09  Extractor  
  17  1:13  Spawning Pool  
  17  1:16  Drone  
  17  1:20  Drone  
  18  1:28  Drone  
  19  1:38  Overlord  
  19  1:49  Drone  
  20  2:00  Queen  
  20  2:01  Zergling x2  
  23  2:05  Queen  
  23  2:06  Zergling x2  
  26  2:09  Metabolic Boost  
  26  2:11  Drone  
  27  2:20  Drone  
  27  2:21  Drone  
  29  2:27  Drone  
  30  2:32  Drone  
  31  2:42  Queen  
  33  2:44  Overlord  
  33  2:51  Overlord  
  33  2:52  Overlord  
  33  3:03  Hatchery  
  33  3:04  Drone  
  33  3:07  Drone  
  34  3:14  Drone  
  34  3:15  Drone x2  
  34  3:17  Drone  
  34  3:19  Drone  
  39  3:21  Drone  
  39  3:27  Drone x2  
  42  3:29  Zergling x2  
  42  3:31  Zergling x2  
  44  3:38  Lair  
  44  3:46  Drone x4  
  48  3:58  Zergling x6  
  48  3:59  Zergling x2  
  48  4:00  Overlord x2  
  52  4:11  Extractor, Baneling Nest  
  52  4:12  Extractor  
  52  4:14  Drone x2  
  52  4:15  Drone x3  
  54  4:20  Queen  
  56  4:26  Queen  
  58  4:36  Drone  
  59  4:45  Zergling x12  
  59  5:15  Hydralisk Den, Drone  
  59  5:17  Zergling x16  
  65  5:36  Drone  
  65  5:37  Drone x5  
  71  5:45  Muscular Augments  
  71  5:46  Hydralisk  
  71  5:47  Overlord x2  
  71  5:48  Overlord x2  
  73  5:56  Pneumatized Carapace  
  73  6:04  Overlord x2  
  70  6:19  Overlord x4  
  70  6:20  Overlord  
  70  6:24  Zergling x4  
  70  6:25  Zergling x18  
  69  6:31  Roach Warren  
  69  6:42  Drone x3  
  69  6:43  Hydralisk x4  
  69  6:44  Zergling x4  
  69  6:46  Baneling  
  69  6:47  Baneling x3  
  82  6:51  Hatchery  
  82  6:52  Centrifical Hooks  
  81  6:59  Evolution Chamber, Drone  
  81  7:01  Grooved Spines, Evolution Chamber  
  80  7:19  Hydralisk  
  80  7:20  Hydralisk x3, Zergling x2  
  80  7:21  Zergling x8  
  93  7:25  Drone x3  
  93  7:26  Drone  
  97  7:32  Zerg Missile Weapons Level 1  
  97  7:33  Zerg Ground Armor Level 1  
  97  7:35  Glial Reconstitution  
  97  7:42  Drone x2  
  97  7:43  Extractor, Drone x2  
  101  7:44  Extractor, Drone  
  101  7:45  Drone  
  101  7:50  Queen  
  103  8:12  Drone x3  
  106  8:13  Drone x8  
  106  8:15  Hydralisk x2  
  106  8:16  Zergling x6  
  121  8:21  Baneling x13  
  121  8:22  Baneling  
  90  8:52  Zergling x8, Hydralisk x2  
  90  8:53  Hydralisk x4  
  90  8:54  Zergling x10  
  91  9:28  Extractor x2  
  89  9:32  Zergling x4, Hydralisk x2  
  89  9:33  Hydralisk x3, Zergling x4  
  103  9:42  Hatchery  
  103  9:44  Zerg Missile Weapons Level 2  
  103  9:45  Zerg Ground Armor Level 2  
  102  9:58  Drone  
  103  10:00  Zergling x8  
  103  10:01  Zergling x2  
  103  10:02  Baneling x7  
  103  10:03  Baneling  
  103  10:04  Baneling  
  106  10:17  Zergling x6  
  106  10:18  Zergling x10  
  106  10:21  Baneling x9  
  114  10:36  Overseer  
  104  10:55  Zergling x12  
  104  10:56  Zergling x16  
  90  11:14  Zergling x8, Hydralisk x4  
  90  11:16  Baneling x9  
  90  11:17  Baneling x8  
  102  11:22  Queen  
  98  11:46  Hydralisk  
  98  11:47  Hydralisk x2, Zergling x2  
  87  11:48  Zergling x4, Roach x4  
  87  11:49  Roach x4  
  100  12:02  Zergling x2  
  100  12:03  Zergling x12  
  98  12:13  Baneling x6  
  91  12:17  Zergling x6  
  93  12:36  Baneling  
  93  12:37  Baneling x13  
  93  12:39  Zergling x16  
  77  12:59  Zergling x2  
  77  13:00  Zergling x12  
  77  13:02  Baneling x9  
  77  13:03  Baneling x3  
  81  13:12  Extractor  
  81  13:13  Hatchery  
  81  13:16  Extractor  
  77  13:23  Hatchery, Baneling x2  
  77  13:24  Baneling x7  
  76  13:29  Extractor  
  75  13:35  Hydralisk x2  
  75  13:36  Zergling x2  
  75  13:37  Zergling x12  
  80  14:19  Infestation Pit  
  70  14:37  Zergling x6  
  70  14:38  Zergling x8  
  75  14:39  Hatchery  
  75  14:40  Hatchery  
Tags
 
Add a new tag
Caveats
  • Supply blocks, unpowered buildings, or Contaminate may cause inaccurate times.
  • Supply counts are checked every 10 seconds.